3015 views
Uploaded 2020-02-21 17:55:50
Game version 1.32 / 1.32.1
8:59 long 2on2 ladder game on (4)LostTemple_LV
Saved by iggythefisk
3015 views
Uploaded 2020-02-21 17:55:50
Game version 1.32 / 1.32.1
8:59 long 2on2 ladder game on (4)LostTemple_LV


51 units @ 6.3k
/ 0.4k
24 buildings @ 3.2k
/ 1.4k


| Healing Salve | 2 | 200 |
| Lesser Clarity Potion | 1 | 70 |
| total: | 3 | 270g |
| Peon | 7 | 525 | / | 0 |
| Grunt | 6 | 1200 | / | 0 |
| Raider | 5 | 900 | / | 200 |
| Spirit Walker | 3 | 585 | / | 105 |
| total: | 21 | 3210g | / | 305w |
| Altar of Storms | 1 | 180 | / | 50 |
| Orc Burrow | 4 | 640 | / | 160 |
| Barracks | 1 | 180 | / | 50 |
| Voodoo Lounge | 1 | 130 | / | 30 |
| Beastiary | 1 | 145 | / | 140 |
| Tauren Totem | 1 | 135 | / | 155 |
| Stronghold | 1 | 315 | / | 190 |
| total: | 9 | 1410g | / | 585w |
| 0:01 | Peon |
| 0:04 | Altar of Storms |
| 0:08 | Peon |
| 0:19 | Orc Burrow |
| 0:21 | Peon |
| 0:33 | Barracks |
| 0:42 | Peon |
| 0:52 | Peon |
| 1:13 | Peon |
| 1:25 | Orc Burrow |
| 1:34 | Grunt |
| 1:42 | Peon |
| 2:07 | Wind Walk |
| 2:16 | Grunt |
| 2:19 | Voodoo Lounge |
| 2:47 | Stronghold |
| 3:09 | Grunt |
| 3:28 | Orc Burrow |
| 3:50 | Healing Salve |
| 3:51 | Healing Salve |
| 3:51 | Lesser Clarity Potion |
| 4:03 | Grunt |
| 4:47 | Grunt |
| 5:13 | Berserker Strength |
| 5:15 | Beastiary |
| 5:18 | Tauren Totem |
| 5:36 | Critical Strike |
| 5:42 | Grunt |
| 6:16 | Orc Burrow |
| 6:22 | Raider |
| 6:45 | Spirit Walker Adept Training |
| 6:57 | Healing Wave |
| 7:25 | Healing Wave |
| 7:28 | Spirit Walker |
| 7:30 | Ensnare |
| 7:31 | Raider |
| 7:52 | Raider |
| 7:53 | Spirit Walker |
| 8:12 | Wind Walk |
| 8:17 | Raider |
| 8:57 | Raider |
| 8:57 | Spirit Walker |
| Right click | 479 |
| Assign group | 369 |
| Select group | 150 |
| Select | 121 |
| Build/train/purchase | 46 |
| Misc. action | 18 |
| Use ability | 7 |
| Resource trade | 4 |
| Item give/drop | 1 |
| Minimap ping | 1 |


| Peasant | 21 | 1575 | / | 0 |
| Footman | 4 | 540 | / | 0 |
| Rifleman | 4 | 820 | / | 120 |
| Sorceress | 1 | 155 | / | 20 |
| total: | 30 | 3090g | / | 140w |
| Scout Tower | 2 | 60 | / | 40 |
| Arcane Tower | 2 | 140 | / | 100 |
| Altar of Kings | 1 | 180 | / | 50 |
| Barracks | 1 | 160 | / | 60 |
| Farm | 7 | 560 | / | 140 |
| Town Hall | 1 | 385 | / | 205 |
| Blacksmith | 1 | 140 | / | 60 |
| Arcane Sanctum | 2 | 300 | / | 280 |
| Keep | 1 | 320 | / | 210 |
| total: | 15 | 1785g | / | 835w |
| 0:00 | Peasant |
| 0:03 | Altar of Kings |
| 0:08 | Peasant |
| 0:17 | Barracks |
| 0:18 | Peasant |
| 0:31 | Farm |
| 0:34 | Peasant |
| 0:44 | Farm |
| 0:51 | Peasant |
| 1:09 | Peasant |
| 1:19 | Footman |
| 1:22 | Peasant |
| 1:32 | Footman |
| 1:41 | Farm |
| 1:49 | Peasant |
| 2:01 | Footman |
| 2:08 | Summon Water Elemental |
| 2:27 | Footman |
| 2:51 | Town Hall |
| 3:01 | Peasant |
| 3:10 | Brilliance Aura |
| 3:20 | Scout Tower |
| 3:23 | Peasant |
| 3:35 | Scout Tower |
| 3:46 | Arcane Tower |
| 3:48 | Peasant |
| 3:48 | Peasant |
| 4:39 | Peasant |
| 4:39 | Arcane Tower |
| 4:42 | Blacksmith |
| 5:03 | Peasant |
| 5:05 | Peasant |
| 5:06 | Farm |
| 5:30 | Peasant |
| 5:30 | Peasant |
| 5:34 | Keep |
| 6:00 | Summon Water Elemental |
| 6:09 | Peasant |
| 6:10 | Peasant |
| 6:11 | Rifleman |
| 7:18 | Rifleman |
| 7:20 | Black Gunpowder |
| 7:22 | Peasant |
| 7:22 | Peasant |
| 7:46 | Rifleman |
| 7:52 | Farm |
| 7:56 | Arcane Sanctum |
| 7:57 | Arcane Sanctum |
| 8:45 | Rifleman |
| 8:45 | Sorceress |
| 8:48 | Farm |
| 8:48 | Farm |
| 8:52 | Brilliance Aura |
| 8:58 | Storm Bolt |
| Right click | 493 |
| Select | 399 |
| Select group | 286 |
| Build/train/purchase | 84 |
| Assign group | 51 |
| Misc. action | 5 |
| Minimap ping | 3 |
36 units @ 3.4k
/ 0.2k
20 buildings @ 3.3k
/ 1.4k


| Healing Salve | 2 | 200 |
| Lesser Clarity Potion | 2 | 140 |
| Scroll of Speed | 1 | 50 |
| total: | 5 | 390g |
| Peon | 9 | 675 | / | 0 |
| Grunt | 5 | 1000 | / | 0 |
| Raider | 1 | 180 | / | 40 |
| total: | 15 | 1855g | / | 40w |
| Altar of Storms | 1 | 180 | / | 50 |
| Orc Burrow | 4 | 640 | / | 160 |
| Voodoo Lounge | 1 | 130 | / | 30 |
| Barracks | 1 | 180 | / | 50 |
| War Mill | 1 | 205 | / | 0 |
| Beastiary | 1 | 145 | / | 140 |
| Spirit Lodge | 1 | 150 | / | 150 |
| Stronghold | 1 | 315 | / | 190 |
| total: | 10 | 1630g | / | 580w |
| 0:03 | Peon |
| 0:05 | Altar of Storms |
| 0:10 | Peon |
| 0:20 | Orc Burrow |
| 0:26 | Peon |
| 0:43 | Peon |
| 0:57 | Peon |
| 1:04 | Voodoo Lounge |
| 1:11 | Peon |
| 1:18 | Peon |
| 1:40 | Peon |
| 2:02 | Peon |
| 2:12 | Healing Salve |
| 2:13 | Lesser Clarity Potion |
| 2:13 | Scroll of Speed |
| 2:18 | Stronghold |
| 2:33 | Barracks |
| 2:36 | Orc Burrow |
| 2:42 | Wind Walk |
| 3:06 | War Mill |
| 3:40 | Orc Burrow |
| 3:41 | Grunt |
| 4:04 | Grunt |
| 4:26 | Steel Armor |
| 4:52 | Berserker Strength |
| 5:01 | Beastiary |
| 5:31 | Orc Burrow |
| 5:39 | Grunt |
| 5:54 | Healing Salve |
| 5:54 | Lesser Clarity Potion |
| 5:59 | Critical Strike |
| 6:08 | Ensnare |
| 6:26 | Grunt |
| 6:53 | Healing Wave |
| 7:50 | Raider |
| 7:53 | Spirit Lodge |
| 8:14 | Grunt |
| Right click | 294 |
| Select | 131 |
| Select group | 77 |
| Build/train/purchase | 39 |
| Assign group | 14 |
| Use ability | 8 |
| Misc. action | 6 |
| Item give/drop | 1 |


| Staff of Preservation | 1 | 150 |
| total: | 1 | 150g |
| Wisp | 17 | 1020 | / | 0 |
| Archer | 1 | 130 | / | 10 |
| Dryad | 3 | 435 | / | 180 |
| total: | 21 | 1585g | / | 190w |
| Altar of Elders | 1 | 180 | / | 50 |
| Moon Well | 3 | 540 | / | 120 |
| Ancient of War | 1 | 150 | / | 60 |
| Hunter's Hall | 1 | 210 | / | 100 |
| Ancient of Wonders | 1 | 90 | / | 30 |
| Ancient of Lore | 3 | 465 | / | 435 |
| Tree of Ages | 1 | 320 | / | 180 |
| total: | 10 | 1635g | / | 795w |
| 0:07 | Altar of Elders |
| 0:08 | Wisp |
| 0:11 | Wisp |
| 0:24 | Moon Well |
| 0:38 | Wisp |
| 0:52 | Wisp |
| 1:03 | Ancient of War |
| 1:09 | Wisp |
| 1:20 | Wisp |
| 1:34 | Wisp |
| 2:04 | Archer |
| 2:11 | Wisp |
| 2:13 | Wisp |
| 2:16 | Mana Burn |
| 3:34 | Tree of Ages |
| 4:02 | Hunter's Hall |
| 4:53 | Moon Well |
| 4:56 | Ancient of Wonders |
| 5:55 | Wisp |
| 5:55 | Wisp |
| 6:00 | Ancient of Lore |
| 6:02 | Ancient of Lore |
| 6:41 | Ancient of Lore |
| 6:42 | Wisp |
| 6:42 | Wisp |
| 6:42 | Wisp |
| 6:56 | Wisp |
| 7:02 | Moon Well |
| 7:38 | Dryad |
| 7:52 | Dryad |
| 7:56 | Druid of the Claw Adept Training |
| 7:59 | Wisp |
| 7:59 | Wisp |
| 8:08 | Staff of Preservation |
| 8:21 | Dryad |
| 8:25 | Entangling Roots |
| Right click | 190 |
| Select | 141 |
| Build/train/purchase | 32 |
| Use ability | 19 |
| Select group | 15 |
| Assign group | 5 |
| Item give/drop | 1 |
โ